[Event "41st Amateur D7"]
[Site "ChessGUI4"]
[Date "2013.07.08"]
[Round "23.3"]
[White "Shallow 1.0 64-bit"]
[Black "Butcher 1.64 64-bit"]
[Result "1/2-1/2"]
[BlackElo "2355"]
[ECO "D45"]
[EventDate "2013.??.??"]
[TimeControl "40/1500:40/1500:40/1500"]
[WhiteElo "2200"]

{ i5 Quad } 1.d4 Nf6 2.c4 e6 3.Nf3 d5 4.Nc3 c6 5.e3 Nbd7 6.Qc2 Bd6 7.b3 O-O 8.Be2 b6 9.O-O Bb7
{ [%eval 2,11] [%emt 0:01:06] (Bb7) } 10.Bb2
{ [%eval 9,14] [%emt 0:00:42] (Bb2) } 10...Qc7
{ [%eval 0,11] [%emt 0: 01:00] (Rc8) } 11.Rac1
{ [%eval 13,13] [%emt 0:00:42] (Rad1) } 11...a6
{ [%eval 6,11] [%emt 0:00:50] (Rac8) } 12.cxd5
{ [%eval 10,13] [%emt 0:00:42] (cxd5) } 12...cxd5
{ [%eval 7,11] [%emt 0:00:59] (cxd5) } 13.a4
{ [%eval 11,13] [%emt 0:00:42] (Qd3) } 13...Rfc8
{ [%eval -4,11] [%emt 0:01:05] (Rac8) } 14.Bd3
{ [%eval 12,13] [%emt 0:00: 42] (Qd3) } 14...Qd8
{ [%eval 0,11] [%emt 0:01:04] (Qd8) } 15.Qd1
{ [%eval 9,13] [%emt 0:00:42] (Qe2) } 15...Ne4
{ [%eval 0,11] [%emt 0:01:02] (Ra7) } 16.Bxe4
{ [%eval 9,14] [%emt 0:00:42] (Qe2) } 16...dxe4
{ [%eval -71,11] [%emt 0:01:01] (dxe4) } 17.Nd2
{ [%eval 4,14] [%emt 0:00:42] (Nd2) } 17...Qh4
{ [%eval -52,11] [%emt 0:01:00] (Qh4) } 18.h3
{ [%eval 4,14] [%emt 0:00:42] (h3) } 18...Bb4
{ [%eval -51,11] [%emt 0:00:50] (Bb4) } 19.Qe2
{ [%eval 3,13] [%emt 0:00:42] (Ndxe4) } 19...a5
{ [%eval -42,11] [%emt 0:00:58] (Rd8) } 20.Na2
{ [%eval 3,13] [%emt 0:00:42] (Na2) } 20...Bd6
{ [%eval -39,11] [%emt 0:00:57] (Bxd2) } 21.Qb5
{ [%eval 10,13] [%emt 0:00:42] (Rxc8) } 21...Qd8
{ [%eval -32,11] [%emt 0:00:44] (Qe7) } 22.Qh5
{ [%eval 11,13] [%emt 0:00:42] (Qh5) } 22...f5
{ [%eval -47,11] [%emt 0:00:48] (Be7) } 23.Nc4
{ [%eval 7,13] [%emt 0: 00:42] (Rfe1) } 23...Be7
{ [%eval -38,11] [%emt 0:00:48] (Nf6) } 24.Nc3
{ [%eval 11,12] [%emt 0:00:42] (Ba3) } 24...Nf6
{ [%eval -66,12] [%emt 0:01:19] (Ba6) } 25.Qe2
{ [%eval 6,13] [%emt 0:00:42] (Qd1) } 25...Ba6
{ [%eval -98,11] [%emt 0:00:43] (Ba6) } 26.Nb1
{ [%eval 3,13] [%emt 0:00:42] (Nb5) } 26...b5
{ [%eval -107,11] [%emt 0:00:43] (Bb4) } 27.axb5
{ [%eval -3,14] [%emt 0:00:42] (axb5) } 27...Bxb5
{ [%eval -136,11] [%emt 0:00:42] (Bxb5) } 28.Ba3
{ [%eval -9,13] [%emt 0:00:56] (Ba3) } 28...Nd5
{ [%eval -107,11] [%emt 0:00:41] (Bb4) } 29.Rfe1
{ [%eval -18,12] [%emt 0:00:41] (Bxe7) } 29...Nb4
{ [%eval -138,10] [%emt 0:00:41] (a4) } 30.Bxb4
{ [%eval -24,13] [%emt 0:00:41] (Rf1) } 30...Bxb4
{ [%eval -153,11] [%emt 0:00:40] (Bxb4) } 31.Nc3
{ [%eval -21,14] [%emt 0:00:41] (Red1) } 31...Ba6
{ [%eval -104,11] [%emt 0:01:07] (Bxc3) } 32.Red1
{ [%eval -16,13] [%emt 0:00:41] (Red1) } 32...Ba3
{ [%eval -107,10] [%emt 0:00:30] (Ra7) } 33.Ra1
{ [%eval -11,14] [%emt 0:00:41] (Ra1) } 33...Bb4
{ [%eval -111,10] [%emt 0:00:27] (Bb4) } 34.Rac1
{ [%eval -10,14] [%emt 0:00:41] (Rac1) } 34...Rc7
{ [%eval -115,9] [%emt 0:00:26] (Ra7) } 35.Na4
{ [%eval -14,13] [%emt 0:00:41] (d5) } 35...Bb5
{ [%eval -94,10] [%emt 0:00:24] (Rac8) } 36.Qa2
{ [%eval -5,12] [%emt 0:00:41] (Qa2) } 36...Rb8
{ [%eval -103,10] [%emt 0:00:23] (Qg5) } 37.Rc2
{ [%eval -6,13] [%emt 0:00:41] (Nc3) } 37...Rcc8
{ [%eval -62,10] [%emt 0:00: 21] (Rc6) } 38.Rdc1
{ [%eval 1,12] [%emt 0:00:41] (Rdc1) } 38...Rc7
{ [%eval -61,10] [%emt 0:00:20] (Qh4) } 39.Kh1
{ [%eval -2,13] [%emt 0:00:41] (Nc3) } 39...Rbc8
{ [%eval -97,9] [%emt 0:00:19] (Rbc8) } 40.Nab6
{ [%eval -2,15] [%emt 0:00:41] (Ne5) } 40...Rb8
{ [%eval -75,10] [%emt 0:00:12] (Rb8) } 41.Na4
{ [%eval -2,14] [%emt 0:00:37] (Na4) } 41...Ra8
{ [%eval -63,11] [%emt 0:00:50] (Ba6) } 42.Nc3
{ [%eval -2, 13] [%emt 0:00:37] (Nc3) } 42...Ba6
{ [%eval -60,12] [%emt 0:00:49] (Ba6) } 43.Na4
{ [%eval -3,13] [%emt 0:00:37] (Ne2) } 43...Bb5
{ [%eval -51,11] [%emt 0:00:48] (Rac8) } 44.Nc3
{ [%eval -3,14] [%emt 0:00:37] (Nc3) } 44...Ba6
{ [%eval -63,11] [%emt 0:00:48] (Ba6) } 45.Na4
{ [%eval -3,13] [%emt 0:00:37] (Nd1) } 45...Rac8
{ [%eval -54,12] [%emt 0:00:47] (Bb7) } 46.Nab6
{ [%eval -3,14] [%emt 0:00:37] (Nab6) } 46...Rb8
{ [%eval -55, 12] [%emt 0:00:53] (Rb8) } 47.Na4
{ [%eval -2,13] [%emt 0:00:37] (Na4) } 47...Bb5
{ [%eval -46,11] [%emt 0:00:44] (Bb7) } 48.Nc3
{ [%eval -1,14] [%emt 0:00:37] (Nc3) } 48...Ba6
{ [%eval -46,11] [%emt 0:00:52] (Ba6) } 49.Na4
{ [%eval -1,14] [%emt 0:00:37] (Na4) } 49...Bb5
{ [%eval -56,11] [%emt 0:00:51] (Bb7) } 50.Nc3
{ [%eval 0,14] [%emt 0:00:37] (Nc3) } 50...Bd7
{ [%eval -36,11] [%emt 0:00:50] (Ba6) } 51.Ne2
{ [%eval 0,13] [%emt 0:00:37] (Ne5) } 51...Rbc8
{ [%eval -52,11] [%emt 0:00:49] (Rbc8) } 52.Kg1
{ [%eval -1,14] [%emt 0:00:37] (Ne5) } 52...Qe8
{ [%eval -44,12] [%emt 0:01:18] (Bb5) } 53.Ne5
{ [%eval -6,15] [%emt 0:00:37] (Nb6) } 53...Rxc2
{ [%eval -44,13] [%emt 0:00:46] (Rxc2) } 54.Rxc2
{ [%eval -5,16] [%emt 0:00:37] (Rxc2) } 54...Bb5
{ [%eval -40,12] [%emt 0:00:39] (Rxc2) } 55.Rxc8
{ [%eval -11,14] [%emt 0:00:37] (Rxc8) } 55...Qxc8
{ [%eval -24,13] [%emt 0:00:37] (Qxc8) } 56.Kh2
{ [%eval -9,13] [%emt 0:00: 37] (Kh2) } 56...Kf8
{ [%eval -41,12] [%emt 0:00:39] (Bc6) } 57.Nf4
{ [%eval -16,13] [%emt 0:00:37] (g4) } 57...g5
{ [%eval -31,12] [%emt 0:00:38] (Ke7) } 58.Ne2
{ [%eval -11,13] [%emt 0:00:37] (Ne2) } 58...Bd3
{ [%eval -37,12] [%emt 0:00:38] (Ke7) } 59.Ng3
{ [%eval -10,13] [%emt 0:00:37] (Ng3) } 59...Qc7
{ [%eval -40,12] [%emt 0:00:36] (Qc7) } 60.f3
{ [%eval -1,12] [%emt 0:00:37] (Qa4) } 60...Qc2
{ [%eval -69,12] [%emt 0:00:37] (h5) } 61.Qa4
{ [%eval 0,13] [%emt 0:00:37] (Qxc2) } 61...exf3
{ [%eval -4,13] [%emt 0: 01:50] (exf3) } 62.Nxf3
{ [%eval 0,13] [%emt 0:00:37] (Nxf3) } 62...Be4
{ [%eval 0,12] [%emt 0:00:47] (Be4) } 63.Nxe4
{ [%eval 0,13] [%emt 0:00:37] (Nxe4) } 63...Qxe4
{ [%eval 0,12] [%emt 0:00:25] (Qxe4) } 64.Qd7
{ [%eval 0,13] [%emt 0:00:37] (Qd7) } 64...Qxe3
{ [%eval 0,14] [%emt 0:00:30] (Qxe3) } 65.Ne5
{ [%eval 0,12] [%emt 0:00:37] (Ne5) } 65...Qf4+
{ [%eval 0,15] [%emt 0:00:28] (Qf4) } 66.Kh1
{ [%eval 0,13] [%emt 0: 00:37] (Kh1) } 66...Qc1+
{ [%eval 0,15] [%emt 0:00:25] (Qf1) } 67.Kh2
{ [%eval -43,1] [%emt 0:00:00] (Kh2) } 67...Qf4+ 68.Kh1 { [%eval 0,14] [%emt 0:00:40] (Kh1) }
68...Qc1+ { [%eval 0,15] [%emt 0:00:24] (Qf1) } 69.Kh2
{ [%eval 1,1] [%emt 0:00:00] (Kh2) } 69...Qf4+ 1/2-1/2

[Event "41st Amateur D7"]
[Site "ChessGUI4"]
[Date "2013.07.09"]
[Round "23.4"]
[White "MadChess 1.2"]
[Black "Gibbon 2.57a 64-bit"]
[Result "0-1"]
[BlackElo "2251"]
[ECO "B12"]
[EventDate "2013.??.??"]
[TimeControl "40/1500:40/1500:40/1500"]
[WhiteElo "2200"]

{ i5 Quad } 1.e4 c6 2.d4 d5 3.f3 dxe4 4.fxe4 e5 5.Nf3 Be6 6.c3 Nf6 7.Bd3 Nbd7 8.O-O Bd6 9.Ng5 O-O
{ [%eval -10,12] [%emt 0:01: 24] (O-O) } 10.Nxe6
{ [%eval 45,10] [%emt 0:00:19] (Nxe6) } 10...fxe6
{ [%eval 0,12] [%emt 0:00:13] (fxe6) } 11.Nd2
{ [%eval 18,10] [%emt 0:00:27] (Nd2) } 11...Qc7
{ [%eval -18,12] [%emt 0:01:20] (c5) } 12.Nf3
{ [%eval 59,10] [%emt 0:00:47] (Nf3) } 12...exd4
{ [%eval -8,12] [%emt 0:00:33] (Rfe8) } 13.cxd4
{ [%eval 23,10] [%emt 0: 00:20] (cxd4) } 13...e5
{ [%eval -16,12] [%emt 0:00:38] (e5) } 14.Qa4
{ [%eval 3,10] [%emt 0:00:26] (Kh1) } 14...exd4
{ [%eval 94,12] [%emt 0:00:44] (exd4) } 15.Nxd4
{ [%eval -33,10] [%emt 0:00:26] (Kh1) } 15...Ng4
{ [%eval 166,12] [%emt 0:00:28] (Kh8) } 16.Qc2
{ [%eval -102,10] [%emt 0:00:37] (Kh1) } 16...Bc5
{ [%eval 324,12] [%emt 0:00: 28] (Kh8) } 17.g3
{ [%eval -367,12] [%emt 0:00:34] (g3) } 17...Bxd4+
{ [%eval 343,12] [%emt 0:00:16] (Bxd4) } 18.Kg2
{ [%eval -348,11] [%emt 0:00:25] (Kg2) } 18...Kh8
{ [%eval 355,12] [%emt 0:00:33] (Nde5) } 19.Rf4
{ [%eval -385,10] [%emt 0:00:43] (Rf4) } 19...Nc5
{ [%eval 441,12] [%emt 0:00:27] (Rxf4) } 20.Qc4
{ [%eval -384,11] [%emt 0:01:10] (Qc4) } 20...Qd7
{ [%eval 490,12] [%emt 0:00:51] (Ne3) } 21.Bc2
{ [%eval -445,10] [%emt 0:00:38] (Be2) } 21...Bxb2
{ [%eval 639,13] [%emt 0:00:24] (Nf2) } 22.Qxc5
{ [%eval -595,12] [%emt 0:01:29] (Qxc5) } 22...Rxf4
{ [%eval 625,12] [%emt 0:00:04] (Rxf4) } 23.gxf4
{ [%eval -576,12] [%emt 0:00:19] (Bxf4) } 23...Bxa1
{ [%eval 640,11] [%emt 0:00:04] (Bxa1) } 24.h3
{ [%eval -593,12] [%emt 0:00:18] (Qg5) } 24...Bd4
{ [%eval 614,13] [%emt 0:00:18] (Bd4) } 25.Qa3
{ [%eval -578,12] [%emt 0:00:38] (Qa3) } 0-1

[Event "41st Amateur D7"]
[Site "ChessGUI4"]
[Date "2013.07.09"]
[Round "23.5"]
[White "ProChess 1.02AD"]
[Black "Waxman 2011"]
[Result "0-1"]
[BlackElo "2256"]
[ECO "A29"]
[EventDate "2013.??.??"]
[TimeControl "40/1500:40/1500:40/1500"]
[WhiteElo "2244"]

{ i5 Quad } 1.c4 e5 2.Nc3 Nf6 3.Nf3 Nc6 4.g3 Bb4 5.Nd5 Bc5 6.Bg2 O-O 7.O-O d6 8.a3 Nxd5 9.cxd5 Nd4 { [%eval 33,14] [%emt 0:01:12] (Nd4) } 10.Nxd4
{ [%eval -10,14] [%emt 0:02:13] (Nxd4) } 10...Bxd4
{ [%eval 32,12] [%emt 0:00:32] (exd4) } 11.e3
{ [%eval -7,14] [%emt 0:02:13] (d3) } 11...Bb6
{ [%eval 33,12] [%emt 0:00:28] (Bb6) } 12.d3
{ [%eval -1,13] [%emt 0:00:56] (f4) } 12...Bf5
{ [%eval 34,12] [%emt 0:00:47] (Bd7) } 13.a4
{ [%eval 3,12] [%emt 0:01: 05] (a4) } 13...a6
{ [%eval 26,12] [%emt 0:00:40] (a6) } 14.a5
{ [%eval 5,13] [%emt 0: 01:44] (a5) } 14...Ba7
{ [%eval 16,14] [%emt 0:01:15] (Ba7) } 15.Qb3
{ [%eval 5,12] [%emt 0:03:00] (Qb3) } 15...Rb8
{ [%eval 8,14] [%emt 0:01:42] (Rb8) } 16.Qc3
{ [%eval 5,11] [%emt 0:00:32] (Bd2) } 16...Qe7
{ [%eval 19,12] [%emt 0:00:38] (Re8) } 17.f4
{ [%eval 4,12] [%emt 0:02:01] (Bd2) } 17...exf4
{ [%eval 37,13] [%emt 0:00:50] (Rfe8) } 18.d4
{ [%eval -3,12] [%emt 0:00:20] (d4) } 18...Be4
{ [%eval 41,14] [%emt 0:00:46] (Be4) } 19.Rxf4
{ [%eval 5,14] [%emt 0:00:24] (Rxf4) } 19...Bxg2
{ [%eval 17,14] [%emt 0:01:17] (Bxg2) } 20.Kxg2
{ [%eval 2,13] [%emt 0:00:18] (Kxg2) } 20...Qg5
{ [%eval 16, 13] [%emt 0:00:59] (g5) } 21.e4
{ [%eval 31,11] [%emt 0:00:25] (Qc4) } 21...Rbe8
{ [%eval 16,12] [%emt 0:01:08] (Qe7) } 22.Qxc7
{ [%eval 42,10] [%emt 0:00:20] (Bd2) } 22...Bxd4
{ [%eval 30,12] [%emt 0:00:42] (Qh5) } 23.Qxb7
{ [%eval -11,11] [%emt 0:00:53] (Qxb7) } 23...Qe5
{ [%eval 54,12] [%emt 0:00:44] (Qe5) } 24.Qb4
{ [%eval -51,11] [%emt 0:00:23] (h4) } 24...g5
{ [%eval 171,13] [%emt 0:00:41] (g5) } 25.Ra4
{ [%eval -80,12] [%emt 0:00:14] (Ra4) } 25...Bc5
{ [%eval 164,14] [%emt 0:00:38] (Bc5) } 26.Rf5
{ [%eval -155,14] [%emt 0:00:11] (Rf5) } 26...Bxb4
{ [%eval 174,14] [%emt 0:00:34] (Bxb4) } 27.Rxe5
{ [%eval -182,16] [%emt 0:00:13] (Rxe5) } 27...Rxe5
{ [%eval 182,16] [%emt 0:00:27] (Rxe5) } 28.Rxb4
{ [%eval -182,16] [%emt 0:00:10] (Rxb4) } 28...Rc8
{ [%eval 185,16] [%emt 0:00:28] (Rc8) } 29.Be3
{ [%eval -176,15] [%emt 0:00:14] (Be3) } 29...f5
{ [%eval 179,16] [%emt 0:00:37] (f5) } 30.Bxg5
{ [%eval -176,14] [%emt 0:00:21] (Bxg5) } 30...fxe4
{ [%eval 189,16] [%emt 0:00:29] (Rc2) } 31.Bf6
{ [%eval -171,14] [%emt 0:00:15] (Bf6) } 31...Rc2+
{ [%eval 182,16] [%emt 0:00:31] (Rc2) } 32.Kh3
{ [%eval -185,14] [%emt 0:00:08] (Kh3) } 32...Rxd5
{ [%eval 188,16] [%emt 0:00:39] (Rxd5) } 33.Rxe4
{ [%eval -192,13] [%emt 0:00:10] (Rxe4) } 33...Rxa5
{ [%eval 198,16] [%emt 0:00:43] (Rxa5) } 34.Bc3
{ [%eval -174,13] [%emt 0:00:13] (Rd4) } 34...Rh5+
{ [%eval 209,17] [%emt 0:00:49] (Rh5) } 35.Kg4
{ [%eval -179,14] [%emt 0:00:17] (Kg4) } 35...Rhxh2
{ [%eval 207,16] [%emt 0:00:39] (Rhxh2) } 36.Re6
{ [%eval -179,13] [%emt 0:00:12] (Rd4) } 36...h5+
{ [%eval 207,16] [%emt 0:00:36] (h5) } 37.Kg5
{ [%eval -197,14] [%emt 0:00:10] (Kf5) } 37...Rh3
{ [%eval 219,16] [%emt 0:00:47] (Rcg2) } 38.Rxd6
{ [%eval -170,12] [%emt 0:00:06] (g4) } 38...Rxg3+
{ [%eval 256,13] [%emt 0:00:06] (Rxg3) } 39.Kf5
{ [%eval -186,12] [%emt 0:00:07] (Kh6) } 39...Rf2+
{ [%eval 276,14] [%emt 0:00:26] (Rf2) } 40.Ke4
{ [%eval -189,13] [%emt 0:00:17] (Ke5) } 40...h4
{ [%eval 298,14] [%emt 0:00:19] (h4) } 41.Rxa6
{ [%eval -199,14] [%emt 0:01:29] (Be5) } 41...h3
{ [%eval 334,15] [%emt 0:00: 37] (h3) } 42.Rh6
{ [%eval -203,13] [%emt 0:00:45] (Rh6) } 42...h2
{ [%eval 329,14] [%emt 0:00:18] (h2) } 43.Be5
{ [%eval -215,13] [%emt 0:00:46] (Be5) } 43...Rgg2
{ [%eval 327,14] [%emt 0:00:28] (Rgg2) } 44.b3
{ [%eval -228,13] [%emt 0:01:49] (b4) } 44...Kf7
{ [%eval 347,14] [%emt 0:00:27] (Kf7) } 45.Bc7
{ [%eval -229,13] [%emt 0:01:31] (Kd3) } 45...Kg7
{ [%eval 347,14] [%emt 0:00:32] (Kg7) } 46.Rh4
{ [%eval -237, 13] [%emt 0:00:39] (Rh5) } 46...Re2+
{ [%eval 355,14] [%emt 0:00:27] (Kg6) } 47.Kd4
{ [%eval -254,13] [%emt 0:01:47] (Kd4) } 47...Kg6
{ [%eval 374,14] [%emt 0:00:40] (Kg6) } 48.Kd3
{ [%eval -316,12] [%emt 0:00:35] (b4) } 48...Rb2
{ [%eval 418,14] [%emt 0:00: 40] (Rd2) } 49.Rh8
{ [%eval -416,13] [%emt 0:01:14] (Kd4) } 49...Rge2
{ [%eval 462,15] [%emt 0:00:34] (Rbc2) } 50.Bf4
{ [%eval -416,14] [%emt 0:00:56] (Bf4) } 50...Kf5
{ [%eval 464,16] [%emt 0:00:35] (Kf5) } 51.Rf8+
{ [%eval -432,14] [%emt 0:01:01] (Rf8) } 51...Kg4
{ [%eval 471,17] [%emt 0:00:35] (Kg4) } 52.Bxh2
{ [%eval -446,15] [%emt 0:00:35] (Bxh2) } 52...Rxh2
{ [%eval 430,12] [%emt 0:00:34] (Rxh2) } 53.Rb8
{ [%eval -447,15] [%emt 0:00:32] (Kc4) } 53...Rhd2+
{ [%eval 426,12] [%emt 0:00:36] (Rhd2) } 54.Kc3
{ [%eval -447,15] [%emt 0:00:37] (Kc4) } 54...Rbc2+
{ [%eval 437,13] [%emt 0:00:31] (Rbc2) } 55.Kb4
{ [%eval -431,1] [%emt 0:00:00] (Kb4) } 55...Rd4+
{ [%eval 430,12] [%emt 0:00:36] (Rh2) } 56.Ka3
{ [%eval -447,13] [%emt 0:00:32] (Ka3) } 56...Rc3
{ [%eval 429,12] [%emt 0:00:44] (Rd7) } 57.Kb2
{ [%eval -447,14] [%emt 0:00:27] (Rb4) } 57...Rcd3
{ [%eval 437,13] [%emt 0:00:48] (Re3) } 58.Kc2
{ [%eval -447,15] [%emt 0:00:55] (Ka3) } 58...Re3
{ [%eval 437,12] [%emt 0:00:37] (Re3) } 59.Rb7
{ [%eval -450,14] [%emt 0:01:47] (Kb2) } 59...Kf3
{ [%eval 438,12] [%emt 0:00: 41] (Rf4) } 60.Rb8
{ [%eval -452,14] [%emt 0:01:19] (Kb2) } 60...Ke2
{ [%eval 439,12] [%emt 0:00:41] (Ke2) } 61.Kb2
{ [%eval -458,15] [%emt 0:00:24] (Kb2) } 61...Rd7
{ [%eval 445,12] [%emt 0:00:40] (Rd2) } 62.Rc8
{ [%eval -462,13] [%emt 0:00:18] (Rb6) } 62...Rb7
{ [%eval 448,12] [%emt 0:00:41] (Rb7) } 63.Rc2+
{ [%eval -519,14] [%emt 0:00:14] (Rc2) } 63...Kf3
{ [%eval 580,14] [%emt 0:01:12] (Kf3) } 64.Rc3
{ [%eval -535,14] [%emt 0:00:14] (Rc3) } 64...Ke4
{ [%eval 609,14] [%emt 0:01:03] (Rxc3) } 65.Rxe3+
{ [%eval -546,16] [%emt 0:00:28] (Rc4) } 0-1

[Event "41st Amateur D7"]
[Site "ChessGUI4"]
[Date "2013.07.09"]
[Round "24.1"]
[White "ChessKiss 1.7 64-bit"]
[Black "Carballo 0.8"]
[Result "1-0"]
[BlackElo "2273"]
[ECO "C11"]
[EventDate "2013.??.??"]
[TimeControl "40/1500:40/1500:40/1500"]
[WhiteElo "2214"]

{ i5 Quad } 1.e4 e6 2.d4 d5 3.Nc3 Nf6 4.e5 Nfd7 5.f4 c5 6.Nf3 Nc6 7.Be3 cxd4 8.Nxd4 Bc5 9.Qd2 O-O
{ [%eval 9,13] [%emt 0: 00:37] (O-O) } 10.O-O-O
{ [%eval 10,12] [%emt 0:00:42] (Be2) } 10...Bxd4
{ [%eval 15, 13] [%emt 0:00:36] (Nxd4) } 11.Bxd4
{ [%eval 4,14] [%emt 0:00:40] (Bxd4) } 11...f6
{ [%eval 10,14] [%emt 0:00:35] (Nxd4) } 12.exf6
{ [%eval 48,13] [%emt 0:00:39] (exf6) } 12...Nxf6
{ [%eval 9,15] [%emt 0:00:34] (Nxf6) } 13.Bf2
{ [%eval 44,12] [%emt 0:00:38] (Be2) } 13...Qd6
{ [%eval 12,12] [%emt 0:00:33] (b6) } 14.Be2
{ [%eval 61,12] [%emt 0:00:37] (Be2) } 14...Bd7
{ [%eval 17,12] [%emt 0:00:32] (Kh8) } 15.Kb1
{ [%eval 56,11] [%emt 0:00:36] (Kb1) } 15...a6
{ [%eval 14,12] [%emt 0:00:32] (Kh8) } 16.Bf3
{ [%eval 35,10] [%emt 0:00:35] (Rhe1) } 16...Ne7
{ [%eval 6,13] [%emt 0:00:31] (b5) } 17.g4
{ [%eval 97,10] [%emt 0:00:34] (Rhe1) } 17...Rac8
{ [%eval 5,12] [%emt 0:00: 30] (Kh8) } 18.Rdg1
{ [%eval 95,10] [%emt 0:00:31] (Rhe1) } 18...Ng6
{ [%eval 45,12] [%emt 0:00:29] (Kh8) } 19.g5
{ [%eval 94,10] [%emt 0:00:31] (Bg3) } 19...Ne8
{ [%eval 52,14] [%emt 0:00:29] (Ne8) } 20.Bg3
{ [%eval 52,11] [%emt 0:00:31] (Bg3) } 20...Qb4
{ [%eval 52,12] [%emt 0:00:28] (Nxf4) } 21.a3
{ [%eval 78,11] [%emt 0:00:30] (a3) } 21...Qa5
{ [%eval 39,13] [%emt 0:00:27] (Qa5) } 22.Be2
{ [%eval 51,11] [%emt 0:00:30] (Rd1) } 22...Nd6
{ [%eval 65,13] [%emt 0:00:26] (Nd6) } 23.h4
{ [%eval 12,11] [%emt 0: 00:28] (Rd1) } 23...Qb6
{ [%eval 91,12] [%emt 0:00:26] (Nc4) } 24.h5
{ [%eval 39,11] [%emt 0:00:30] (Bd3) } 24...Ne7
{ [%eval 75,13] [%emt 0:00:25] (Ne7) } 25.h6
{ [%eval 63,11] [%emt 0:00:26] (Bd3) } 25...g6
{ [%eval 77,11] [%emt 0:00:24] (g6) } 26.Bd3
{ [%eval 50,11] [%emt 0:00:26] (Bd3) } 26...Qd4
{ [%eval 70,13] [%emt 0:00:24] (d4) } 27.Ne2
{ [%eval 62,11] [%emt 0:00:25] (Rd1) } 27...Qb6
{ [%eval 54,13] [%emt 0:00:23] (Ne4) } 28.Rg2
{ [%eval 66,11] [%emt 0:00:25] (Qb4) } 28...d4
{ [%eval 64,12] [%emt 0: 00:23] (Nef5) } 29.Bf2
{ [%eval 27,10] [%emt 0:00:23] (Re1) } 29...Bc6
{ [%eval 92,14] [%emt 0:00:22] (Bc6) } 30.Bxd4
{ [%eval 10,12] [%emt 0:00:22] (Bxd4) } 30...Qc7
{ [%eval 90,15] [%emt 0:00:21] (Qd8) } 31.Nc3
{ [%eval -3,12] [%emt 0:00:25] (Rgg1) } 31...Bxg2
{ [%eval 82,14] [%emt 0:00:21] (Bxg2) } 32.Qxg2
{ [%eval -5,12] [%emt 0:00:35] (Qxg2) } 32...Nef5
{ [%eval 82,12] [%emt 0:00:20] (Qc6) } 33.Be5
{ [%eval 68,11] [%emt 0:00:20] (Be5) } 33...Qb6
{ [%eval 55,13] [%emt 0:00:20] (Qc6) } 34.Ne4
{ [%eval 41,10] [%emt 0:00:20] (Re1) } 34...Nxe4
{ [%eval 66,13] [%emt 0:00:19] (Nxe4) } 35.Bxe4
{ [%eval 32,11] [%emt 0:00:19] (Bxe4) } 35...Rfd8
{ [%eval 68,13] [%emt 0:00:19] (Rfd8) } 36.Rh3
{ [%eval 72,11] [%emt 0:00:17] (Re1) } 36...Rd1+
{ [%eval 30,13] [%emt 0:00:18] (Ne3) } 37.Ka2
{ [%eval 1,1] [%emt 0:00:00] (Ka2) } 37...Qg1 38.Qxg1
{ [%eval 238,15] [%emt 0:00:17] (Qxg1) } 38...Rxg1
{ [%eval -63,14] [%emt 0:00:17] (Rxg1) } 39.Bxb7
{ [%eval 242,14] [%emt 0:00:18] (Rd3) } 39...Rxc2
{ [%eval -9,14] [%emt 0:00:17] (Rxc2) } 40.Rd3
{ [%eval 267,13] [%emt 0:00:17] (Bxa6) } 40...Re2
{ [%eval -141,13] [%emt 0:00:17] (a5) } 41.Rd8+
{ [%eval 406,14] [%emt 0:00:57] (Bc8) } 41...Kf7
{ [%eval -174,18] [%emt 0:00: 54] (Kf7) } 42.Bc3
{ [%eval 454,14] [%emt 0:00:57] (Rd7) } 42...a5
{ [%eval -184,14] [%emt 0:00:52] (a5) } 43.Bxa5
{ [%eval 480,14] [%emt 0:00:58] (Rh8) } 43...Ke7
{ [%eval -193,15] [%emt 0:00:51] (Rh2) } 44.Rh8
{ [%eval 477,13] [%emt 0:00:54] (Rh8) } 44...Rc1
{ [%eval -203,13] [%emt 0:00:50] (e5) } 45.Bb4+
{ [%eval 666,14] [%emt 0:00:53] (Rxh7) } 45...Kd7
{ [%eval -308,17] [%emt 0:00:48] (Kd7) } 46.Rxh7+
{ [%eval 712,14] [%emt 0:00:51] (Rxh7) } 46...Ke8
{ [%eval -322,16] [%emt 0:00:47] (Ke8) } 47.Ba6
{ [%eval 750,15] [%emt 0:00:50] (Ba6) } 47...Rh2
{ [%eval -322,15] [%emt 0: 00:46] (Rh2) } 48.Bb5+
{ [%eval 819,15] [%emt 0:00:48] (Bb5) } 48...Kd8
{ [%eval -552, 19] [%emt 0:00:45] (Kd8) } 49.Ba5+
{ [%eval 816,15] [%emt 0:00:47] (Ba5) } 49...Kc8
{ [%eval -661,19] [%emt 0:00:44] (Kc8) } 50.Ba6+
{ [%eval 861,15] [%emt 0:00:46] (Ba6) } 50...Kb8
{ [%eval -640,19] [%emt 0:00:43] (Kb8) } 51.Bb6
{ [%eval 957,16] [%emt 0:00:44] (Bb6) } 51...Nd6
{ [%eval -666,17] [%emt 0:00:42] (Nd6) } 1-0